 Dungeon Crawl Stone Soup version 0.31.0-11-ge490571c62 (webtiles) character file.

Game seed: 9623766048414862133

19 Esekla the Covert (level 2, -2/28 HPs)
             Began as a Naga Delver on Jan 28, 2024.
             Slain by a gnoll
             ... wielding a +0 spear
             ... led by a gnoll bouda
              (4 damage)
             ... on level 5 of the Dungeon.
             The game lasted 00:03:19 (203 turns).

Esekla the Covert (Naga Delver)                      Turns: 203, Time: 00:03:20

Health: -2/28      AC:  2    Str: 14    XL:     2   Next: 75%
Magic:  2/2        EV:  9    Int: 10    God:
Gold:   0          SH:  0    Dex: 12    Spells: 1/1 levels left

rFire   . . .        a - +0 falchion
rCold   . . .        (no shield)
rNeg    . . .        b - +0 leather armour
rPois   +            (no helmet)
rElec   .            (no cloak)
rCorr   .            (no gloves)
SInv    +            (no barding)
Will    .....        (no amulet)
Stlth   +++          (no ring)
HPRegen 0.24/turn    (no ring)
MPRegen 0.08/turn

%: no passive effects
@: very slow
A: AC +0, large, see invisible, deformed body, poison resistance, slowness 2,
spit poison 1, naga tail 1
a: Spit Poison


You were on level 5 of the Dungeon.
You visited 1 branch of the dungeon, and saw 1 of its levels.

Inventory:

Hand Weapons
 a - a +0 falchion (weapon)
Armour
 b - a +0 leather armour (worn)
Wands
 g - a wand of digging (3)
Scrolls
 c - a scroll of fog
 e - a scroll of fear
Potions
 f - a potion of haste


   Skills:
 * Level 3.2 Fighting
 + Level 2.0 Long Blades
 + Level 1.6 Dodging
 + Level 8.0 Stealth
 * Level 0.1 Spellcasting


You had one spell level left.
You didn't know any spells.
Your spell library was empty.

Dungeon Overview and Level Annotations

Branches:
Dungeon (5/15)
 Temple: D:4-7

Altars:
Qazlal


Innate Abilities, Weirdness & Mutations

Your serpentine skin is tough. (AC +0)
You have supernaturally acute eyesight. (SInv)
Armour fits poorly on your strangely shaped body.
Your system is resistant to poisons. (rPois)
You cover ground very slowly.
You can spit poison.
You have a snake-like lower body.


Message History

You see here a throwing net.
You struggle against the net.
You struggle against the net.
You rip the net and break free!
A hound comes into view.
The hound barks!
You hear a bark!
You hear a shout!
The hound moves out of view.
You hear a shout!
You hear a shout!
The gnoll barely misses you.
You hit the gnoll.
The gnoll is lightly wounded.
The gnoll hits you but does no damage.
Aiming: Spit Poison (2% risk of failure)
Press: ? - help, Shift-Dir - straight line, f - hound
Aim: a hound (45% to hit)
The splash of poison hits the hound.
The hound is poisoned.
The hound is lightly wounded.
The hound closely misses you. The gnoll hits you with a +0 spear.
The hound barely misses you.
Okay, then.
You barely miss the hound.
The hound is lightly wounded.
The hound bites you. The gnoll hits you with a +0 spear!
The hound barely misses you.
You closely miss the hound.
The hound is lightly wounded.
The hound barely misses you. The gnoll hits you with a +0 spear.
A hound comes into view.
The gnoll hits you with a +0 spear.
* * * LOW HITPOINT WARNING * * *
The hound bites you but does no damage.
Okay, then.
You closely miss the hound.
The hound is moderately wounded.
You have got your breath back.
The hound bites you.
* * * LOW HITPOINT WARNING * * *
The gnoll hits you with a +0 spear.
You die...

#........[..,,,,....B..##
#.......#................
*.....................##.
*,.....................#.
*,,.....*,?............#.
*,,,...,*,...............
***##.#***#....h.........
###..#####..............
#.....g@h..........#..#.
##########...........##.
*##...............#..
**##..>.................
*,.....#................
**,...................###
*,,.[...#.##.........##
***,*#..>....<.........#
*,,,*.,...##########.###


You could see 2 hounds and a gnoll.

Vanquished Creatures
  2 adders (D:5)
  A quokka (D:5)
3 creatures vanquished.

Notes
Turn   | Place    | Note
-------+----------+-------------------------------------------
     0 | D:5      | Esekla the Naga Delver began the quest for the Orb.
     0 | D:5      | Reached XP level 1. HP: 21/21 MP: 1/1
    10 | D:5      | Noticed a bombardier beetle
    10 | D:5      | Noticed an ice beast
    13 | D:5      | Found a stormy altar of Qazlal.
    36 | D:5      | Reached XP level 2. HP: 16/28 MP: 2/2
   149 | D:5      | Noticed a bombardier beetle
   177 | D:5      | Reached skill level 8 in Stealth
   203 | D:5      | Slain by a gnoll

Illustrated notes

Levels and vault maps discovered:
D:5:      layout_rooms, minmay_overflow_temple_hex

Skill      XL: |  1  2 |
---------------+-------+-----
Stealth        | 8 |  8.0
Fighting       | |  3.2
Long Blades    | |  2.0
Dodging        | |  1.6
Spellcasting   | |  0.1

Action                     || total
---------------------------++-------
  Melee: Falchion          ||    13
Ability: Spit Poison       ||     3
    Use: Scroll            ||     1
 Armour: Leather armour    ||    16
  Dodge: Dodged            ||     9
